Map: Daybreak LE (Void)

Players

xOff

  • Race: Protoss Protoss
  • League: Platinum
  • Spawn Location: 7:00

Fropez - Winner!

  • Race: Protoss Protoss
  • League: Gold
  • Spawn Location: 1:00

VOD

Have the link to the VOD?

Description

Time

  • Played on: Jan. 1, 2017, 7:34 p.m.
  • Length: 13:56
Show
View Real Time Build Order
Export as new Build Order

xOff Protoss 

Build Orders: Blink Stalkers 

Get SALT Encoding   

  12  0:01  Probe (Chrono Boost)  
  13  0:11  Probe (Chrono Boost)  
  14  0:20  Pylon  
  14  0:30  Probe (Chrono Boost)  
  15  0:38  Gateway  
  15  0:42  Assimilator  
  15  0:45  Probe (Chrono Boost)  
  16  0:58  Probe (Chrono Boost), Assimilator  
  17  1:07  Gateway  
  17  1:10  Probe (Chrono Boost)  
  18  1:21  Probe (Chrono Boost)  
  19  1:31  Probe (Chrono Boost)  
  19  1:32  Cybernetics Core  
  20  1:42  Probe (Chrono Boost)  
  21  1:52  Probe (Chrono Boost)  
  22  1:55  Pylon  
  22  2:03  Probe (Chrono Boost)  
  23  2:09  Twilight Council  
  23  2:13  Probe (Chrono Boost)  
  24  2:31  Mothership Core (Chrono Boost)  
  24  2:33  Zealot  
  24  2:36  Stalker  
  30  2:46  Pylon  
  30  2:49  Probe (Chrono Boost)  
  31  2:53  Warp Gate  
  31  2:59  Blink  
  31  3:13  Stalker  
  31  3:14  Stalker  
  35  3:40  Stalker  
  35  3:43  Pylon  
  35  3:44  Stalker  
  39  3:56  Nexus  
  39  4:13  Robotics Facility  
  39  4:16  Pylon  
  39  4:20  Pylon  
  39  4:32  Gateway  
  39  4:36  Probe (Chrono Boost)  
  40  4:42  Gateway  
  39  5:24  Probe (Chrono Boost)  
  39  5:25  Probe (Chrono Boost)  
  41  5:35  Probe (Chrono Boost)  
  42  5:37  Probe (Chrono Boost)  
  42  5:38  Stalker x2  
  47  5:44  Stalker  
  47  5:46  Probe (Chrono Boost)  
  50  5:53  Probe (Chrono Boost)  
  51  5:57  Observer  
  52  6:05  Probe (Chrono Boost)  
  52  6:07  Probe (Chrono Boost)  
  54  6:16  Probe (Chrono Boost)  
  56  6:19  Probe (Chrono Boost)  
  56  6:21  Stalker  
  56  6:22  Stalker x2  
  62  6:29  Pylon  
  62  6:34  Robotics Bay  
  62  6:37  Pylon  
  62  6:53  Stalker x2  
  62  6:54  Stalker  
  68  6:55  Stalker  
  71  7:01  Probe (Chrono Boost)  
  71  7:03  Probe (Chrono Boost)  
  72  7:32  Stalker x4  
  72  8:02  Stalker x4  
  74  8:18  Disruptor  
  70  8:21  Probe (Chrono Boost)  
  70  8:23  Probe (Chrono Boost)  
  75  8:31  Stalker x2  
  75  8:32  Probe (Chrono Boost)  
  81  8:35  Probe (Chrono Boost), Zealot x2  
  85  8:44  Assimilator  
  85  8:45  Assimilator  
  85  8:47  Probe (Chrono Boost)  
  86  8:58  Nexus  
  86  9:00  Pylon  
  86  9:03  Pylon  
  86  9:04  Assimilator  
  78  9:23  Stalker  
  78  9:24  Stalker x3  
  82  9:30  Gateway  
  84  9:38  Probe (Chrono Boost)  
  86  9:39  Probe (Chrono Boost)  
  86  9:43  Immortal  
  86  9:47  Forge  
  86  9:50  Gateway  
  90  9:53  Gateway  
  90  10:08  Stalker x3  
  90  10:09  Stalker  
  97  10:24  Immortal  
  101  10:40  Probe (Chrono Boost)  
  101  10:41  Probe (Chrono Boost)  
  103  10:58  Immortal  
  107  11:05  Stalker x2  
  107  11:06  Stalker x3  
  116  11:29  Pylon  
  116  11:30  Pylon  
  116  11:32  Pylon  
  116  11:36  Pylon x2  
  116  11:43  Pylon, Gateway  
  116  11:47  Probe (Chrono Boost)  
  116  11:48  Probe (Chrono Boost)  
  116  11:50  Probe (Chrono Boost)  
  116  11:53  Robotics Facility  
  116  11:56  Observer  
  116  11:58  Probe (Chrono Boost)  
  116  11:59  Probe (Chrono Boost)  
  109  12:02  Probe (Chrono Boost)  
  100  12:27  Probe x2 (Chrono Boost)  
  100  12:28  Probe (Chrono Boost)  
  101  12:37  Probe x2 (Chrono Boost)  
  101  12:40  Probe (Chrono Boost)  
  104  12:48  Probe x2 (Chrono Boost)  
  101  12:52  Probe (Chrono Boost)  
  89  13:03  Stalker  
  89  13:04  Stalker x6  
  101  13:18  Observer  
  59  13:37  Stalker x3  
  59  13:38  Stalker x2  
  33  13:53  Pylon  
Show
View Real Time Build Order
Export as new Build Order

Fropez Protoss - Winner!

Build Orders: 1 Gate Expand 

Get SALT Encoding   

  12  0:01  Probe (Chrono Boost)  
  13  0:11  Probe (Chrono Boost)  
  14  0:18  Pylon  
  14  0:22  Probe (Chrono Boost)  
  15  0:36  Probe (Chrono Boost)  
  15  0:41  Gateway  
  16  0:47  Probe (Chrono Boost)  
  17  0:57  Probe (Chrono Boost)  
  17  1:03  Pylon, Assimilator  
  18  1:08  Probe (Chrono Boost)  
  20  1:31  Nexus  
  19  1:43  Probe (Chrono Boost)  
  19  1:44  Cybernetics Core  
  20  1:57  Pylon  
  20  2:03  Probe (Chrono Boost)  
  20  2:05  Pylon  
  21  2:26  Mothership Core (Chrono Boost)  
  23  2:31  Assimilator  
  23  2:41  Gateway  
  24  2:44  Probe (Chrono Boost)  
  24  2:45  Probe (Chrono Boost), Gateway  
  24  2:50  Warp Gate  
  25  2:55  Probe x2 (Chrono Boost)  
  27  3:05  Probe (Chrono Boost)  
  28  3:07  Probe (Chrono Boost)  
  28  3:10  Assimilator  
  29  3:15  Assimilator  
  29  3:18  Forge  
  29  3:22  Probe (Chrono Boost)  
  30  3:28  Stalker  
  30  3:33  Stalker  
  34  3:37  Probe (Chrono Boost)  
  34  3:38  Probe (Chrono Boost)  
  35  3:44  Stalker  
  38  3:48  Probe (Chrono Boost)  
  38  4:00  Probe (Chrono Boost), Photon Cannon  
  39  4:03  Probe (Chrono Boost)  
  40  4:14  Probe (Chrono Boost)  
  41  4:18  Probe (Chrono Boost)  
  41  4:19  Pylon  
  42  4:29  Probe x2 (Chrono Boost)  
  42  4:30  Protoss Ground Weapons Level 1  
  44  4:31  Photon Cannon  
  44  4:59  Probe (Chrono Boost)  
  46  5:00  Probe (Chrono Boost)  
  46  5:01  Photon Cannon  
  46  5:03  Pylon  
  46  5:09  Probe (Chrono Boost)  
  46  5:12  Probe (Chrono Boost)  
  48  5:14  Pylon  
  48  5:19  Sentry  
  48  5:20  Sentry, Probe (Chrono Boost)  
  53  5:23  Pylon  
  53  5:26  Probe (Chrono Boost)  
  53  5:27  Pylon  
  54  5:30  Nexus  
  54  5:31  Probe (Chrono Boost)  
  55  5:45  Pylon  
  55  5:47  Probe (Chrono Boost)  
  55  5:48  Probe (Chrono Boost)  
  55  5:49  Sentry x3  
  63  5:58  Photon Cannon  
  63  6:02  Photon Cannon  
  63  6:03  Probe (Chrono Boost)  
  65  6:04  Probe (Chrono Boost)  
  65  6:06  Pylon  
  65  6:14  Probe (Chrono Boost)  
  65  6:15  Robotics Facility  
  66  6:24  Protoss Ground Armor Level 1  
  66  6:26  Probe (Chrono Boost)  
  66  6:27  Probe (Chrono Boost)  
  66  6:29  Sentry x2  
  66  6:30  Pylon, Sentry  
  74  6:37  Probe (Chrono Boost)  
  75  6:40  Forge  
  75  6:41  Pylon  
  75  6:46  Twilight Council  
  71  6:57  Stalker  
  71  6:58  Stalker x2  
  71  7:00  Mothership Core (Chrono Boost)  
  79  7:06  Pylon  
  79  7:10  Photon Cannon  
  79  7:11  Probe (Chrono Boost)  
  79  7:12  Probe (Chrono Boost), Photon Cannon  
  81  7:19  Probe (Chrono Boost)  
  81  7:20  Immortal  
  81  7:21  Pylon  
  81  7:22  Probe (Chrono Boost)  
  79  7:36  Stalker x2  
  79  7:37  Stalker  
  79  7:48  Probe (Chrono Boost)  
  79  7:49  Probe x2 (Chrono Boost)  
  80  7:55  Pylon  
  80  7:57  Pylon  
  74  7:59  Pylon  
  74  8:00  Probe (Chrono Boost)  
  72  8:10  Probe (Chrono Boost), Stalker x2  
  72  8:14  Gateway  
  72  8:16  Protoss Ground Armor Level 2  
  72  8:17  Immortal  
  76  8:20  Protoss Ground Weapons Level 2  
  76  8:26  Probe x2 (Chrono Boost)  
  79  8:27  Pylon, Probe (Chrono Boost)  
  79  8:28  Pylon  
  79  8:29  Gateway  
  79  8:39  Assimilator  
  81  8:42  Probe (Chrono Boost)  
  81  8:43  Probe (Chrono Boost)  
  81  8:46  Pylon  
  81  8:47  Assimilator  
  81  8:54  Observer, Stalker  
  84  9:06  Stalker  
  84  9:08  Resonating Glaives  
  86  9:10  Immortal  
  90  9:19  Stalker x2  
  90  9:24  Mothership Core (Chrono Boost)  
  92  9:32  Gateway  
  92  9:33  Gateway  
  92  9:35  Gateway, Stalker  
  94  9:39  Gateway  
  94  9:41  Dark Shrine  
  94  9:54  Photon Cannon  
  94  9:55  Probe x2 (Chrono Boost)  
  96  10:00  Photon Cannon  
  96  10:01  Photon Cannon  
  98  10:08  Probe x2 (Chrono Boost)  
  98  10:09  Immortal  
  102  10:26  Stalker x3  
  102  10:27  Stalker  
  110  10:41  Stalker  
  110  10:42  Stalker x3  
  119  10:43  Warp Prism  
  119  10:44  Protoss Ground Weapons Level 3, Probe x3 (Chrono Boost)  
  119  10:53  Dark Templar x2  
  119  10:56  Probe (Chrono Boost)  
  122  11:04  Probe x2 (Chrono Boost)  
  122  11:08  Probe (Chrono Boost)  
  123  11:16  Probe (Chrono Boost)  
  123  11:21  Dark Templar  
  123  11:22  Dark Templar x2  
  129  11:33  Stalker x2  
  129  11:34  Stalker x3  
  139  11:58  Dark Templar x3  
  139  11:59  Dark Templar x2  
  119  13:01  Stalker x4  
  119  13:02  Stalker x4  
  111  13:35  Dark Templar x6  
Tags
 
Composition
Blink Stalkers
Matchup
PvP
Replay Pack
All Mines
Spawn Locations
Cross Positions
Add a new tag
Caveats
  • Supply blocks, unpowered buildings, or Contaminate may cause inaccurate times.
  • Supply counts are checked every 10 seconds.